 Dungeon Crawl Stone Soup version 0.21-a0-536-gdbbf329 (webtiles) character file.

4774 Amnesiac the Thaumaturge (level 10, -3/74 HPs)
             Began as a Gnoll Wizard on Dec 14, 2017.
             Was a Believer of Ashenzari.
             Killed from afar by an electric eel (12 damage)
             ... with a bolt of electricity
             ... on level 8 of the Dungeon.
             The game lasted 00:21:28 (8835 turns).

Amnesiac the Thaumaturge (Gnoll Wizard)             Turns: 8835, Time: 00:21:29

Health: -3/74      AC:  7    Str: 10    XL:     10   Next: 47%
Magic:  10/20      EV: 16    Int: 28    God:    Ashenzari [**....]
Gold:   401        SH:  5    Dex: 13    Spells: 18/27 levels left

rFire    + . .     SeeInvis .   a - +3 hunting sling (velocity)
rCold    . . .     Gourm    +   F - +0 buckler of Dym Enao {rF+} (curse)
rNeg     . . .     Faith    .   T - +2 robe {MR+}
rPois    +         Spirit   .   B - +0 hat
rElec    .         Reflect  .   (no cloak)
rCorr    .         Harm     .   c - +2 pair of gloves
MR       ++...                  (no boots)
Stlth    +++.......             N - amulet of the gourmand
HPRegen  0.22/turn              L - ring of protection from magic
MPRegen  0.17/turn              v - +4 ring of intelligence

@: no status effects
A: distributed training, fangs 1, low mp 1, poison resistance, evolution 1,
strong nose
a: Curse Item, Scrying, Renounce Religion


You were on level 8 of the Dungeon.
You worshipped Ashenzari.
Ashenzari was pleased with you.
You were very full.

You visited 2 branches of the dungeon, and saw 9 of its levels.
You also visited: Ossuary.

You collected 401 gold pieces.

Inventory:

Hand Weapons
 a - a +3 hunting sling of velocity (weapon)
 b - a +1 dagger of venom
 g - a +2 dagger of draining
 y - a +2 dagger of electrocution
 M - a +1 whip of pain
Missiles
 o - 41 poisoned needles
 C - 272 stones
 E - 15 sling bullets (quivered)
 G - 12 throwing nets
Armour
 c - a +2 pair of gloves (worn)
 B - a +0 hat (worn)
 F - the cursed +0 buckler of Dym Enao (worn) {rF+}
   (You found it on level 4 of the Dungeon)

   It protects you from fire.
   It has a curse placed upon it.
 T - a +2 robe of magic resistance (worn)
Jewellery
 h - an uncursed ring of fire
 j - an uncursed ring of poison resistance
 v - a +4 ring of intelligence (right hand)
 L - a ring of protection from magic (left hand)
 N - an amulet of the gourmand (around neck)
 P - an uncursed ring of fire
 U - an uncursed ring of positive energy
Wands
 f - a wand of flame (32)
 x - a wand of acid (6)
 Q - a wand of clouds (7)
 X - a wand of digging (15)
Scrolls
 e - a scroll of magic mapping {!r}
 i - 3 scrolls of amnesia {!r}
 l - 5 scrolls of teleportation {!r}
 m - 2 scrolls of enchant weapon {!r}
 u - 4 scrolls of remove curse {!r}
 w - a scroll of fear {!r}
 D - a scroll of fog {!r}
 I - a scroll of blinking {!r}
 J - a scroll of holy word {!r}
 V - a scroll of vulnerability {!r}
Potions
 p - a potion of brilliance {!q}
 r - 3 potions of might {!q}
 t - a potion of ambrosia {!q}
 z - 2 potions of magic {!q}
 A - 3 potions of haste {!q}
 H - a potion of heal wounds {!q}
 K - 3 potions of curing {!q}
 O - a potion of mutation {!q}
 R - a potion of berserk rage {!q}
Comestibles
 d - 7 bread rations
 q - 3 meat rations


   Skills:
 + Level 5.2 Fighting
 + Level 5.2 Short Blades
 + Level 5.2 Long Blades
 + Level 5.2 Axes
 + Level 5.2 Maces & Flails
 + Level 5.2 Polearms
 + Level 5.2 Staves
 + Level 5.2 Slings
 + Level 5.2 Bows
 + Level 5.2 Crossbows
 + Level 5.2 Throwing
 + Level 5.2 Armour
 + Level 7.0 Dodging
 + Level 6.7 Stealth
 + Level 5.2(6.6) Shields
 + Level 5.2 Unarmed Combat
 + Level 9.0 Spellcasting
 + Level 4.8 Conjurations
 + Level 4.3 Hexes
 + Level 4.3 Charms
 + Level 4.8 Summonings
 + Level 4.3 Necromancy
 + Level 4.8 Translocations
 + Level 4.3 Transmutations
 + Level 4.3 Fire Magic
 + Level 4.3 Ice Magic
 + Level 4.3 Air Magic
 + Level 4.3 Earth Magic
 + Level 4.3 Poison Magic
 + Level 5.7 Invocations
 + Level 5.2 Evocations


You had 18 spell levels left.
You knew the following spells:

 Your Spells              Type           Power        Failure   Level  Hunger
a - Magic Dart            Conj           ####         1%          1    None
e - Mephitic Cloud        Conj/Pois/Air  #####...     1%          3    None
s - Conjure Flame         Conj/Fire      #####...     1%          3    None
v - Blink                 Tloc           N/A          1%          2    None


Dungeon Overview and Level Annotations

Branches:
Dungeon (8/15)             Temple (1/1) D:4            Lair (0/6) D:8

Altars:
Ashenzari
Cheibriados
Dithmenos
Elyvilon
Fedhas
Gozag
Hepliaklqana
Kikubaaqudgha
Makhleb
Nemelex Xobeh
Okawaru
Qazlal
Ru
Sif Muna
Trog
Uskayaw
Vehumet
Wu Jian
Xom
Yredelemnul
Zin
The Shining One


Innate Abilities, Weirdness & Mutations

Your experience applies equally to all skills.
You have very sharp teeth.
Your uncanny sense of smell can sniff out nearby items.
Your magical capacity is low. (-10% MP)
Your system is resistant to poisons. (rPois)
You evolve.


Message History

The bolt of electricity hits you!
The electric eel shoots out a bolt of lightning at you!
The bolt of electricity hits you!
Casting: Mephitic Cloud
Confirm with . or Enter, or press ? or * to list all spells.
Aiming: Mephitic Cloud
Press: ? - help, Shift-Dir - straight line, f - electric eel, p - electric eel
Aim: an electric eel (lightly wounded, confused)
Okay, then.
The electric eel shoots out a bolt of lightning at you!
The bolt of electricity hits you!
The electric eel shoots out a bolt of lightning at you!
The bolt of electricity misses the electric eel.
The bolt of electricity hits you!
Casting: Mephitic Cloud
Confirm with . or Enter, or press ? or * to list all spells.
Aiming: Mephitic Cloud
Press: ? - help, Shift-Dir - straight line, p - electric eel The ball explodes into a vile cloud!
The stinking cloud engulfs the electric eel.
The electric eel shoots out a bolt of lightning at you!
The bolt of electricity hits you!
* * * LOW HITPOINT WARNING * * *
Unknown command.
The electric eel shoots out a bolt of lightning at you!
The bolt of electricity hits you!
* * * LOW HITPOINT WARNING * * *
Casting: Mephitic Cloud
Confirm with . or Enter, or press ? or * to list all spells.
Aiming: Mephitic Cloud
Press: ? - help, Shift-Dir - straight line, f - electric eel
Aim: an electric eel The ball explodes into a vile cloud!
The stinking cloud engulfs the electric eel.
The electric eel is engulfed in noxious fumes.
The electric eel appears confused.
Unknown command.
The electric eel is engulfed in noxious fumes.
The electric eel appears confused.
The electric eel is engulfed in noxious fumes.
The electric eel shoots out a bolt of lightning at you!
The bolt of electricity hits you!
* * * LOW HITPOINT WARNING * * *
Casting: Mephitic Cloud
Confirm with . or Enter, or press ? or * to list all spells.
Aiming: Mephitic Cloud
Press: ? - help, Shift-Dir - straight line, f/p - electric eel
Aim: an electric eel (noxious fumes, lightly wounded, confused)
Okay, then.
The electric eel shoots out a bolt of lightning at you!
The bolt of electricity hits you!
* * * LOW HITPOINT WARNING * * *
The electric eel is engulfed in noxious fumes.
The electric eel appears confused.
The electric eel is engulfed in noxious fumes.
The electric eel appears confused.
The electric eel seems less confused.
The electric eel shoots out a bolt of lightning at you!
The bolt of electricity hits you!
* * * LOW HITPOINT WARNING * * *
The bolt of electricity misses you.
The electric eel shoots out a bolt of lightning at you!
The bolt of electricity hits you!
You die...

#....###........<.......,..#
####.# ###.####...###..#*###
#.# #.##......... ,, * #.#
#.##........≈. , *
###.#####<##......≈.... ,
#.....^([.......≈.≈≈≈≈.
#.#####(###...(≈≈≈.≈≈≈≈ #.#
#.# #....≈≈≈≈≈≈≈≈ #.# #)#
#@...;≈≈≈≈≈≈ , * #.#####.#
##.≈§§§(≈.≈. #####.......#
#o.≈≈(....≈ ≈ *#.........###
#..≈;§≈.>.≈ ≈ ...###..##.#
#...≈≈....≈ ≈ ###* #..##.###
#..≈≈≈(≈..≈ #.......#
#..≈≈≈..... *
#.......####...≈≈;((≈≈ *
**#..............≈≈≈≈.;≈


You could see 3 electric eels and an orc.

Vanquished Creatures
  A two-headed ogre (D:8)
  The ghost of Amnesiac the Thaumaturge, a novice GnWz of Ashenzari (D:8)
  Pikel (D:6)
  A troll (D:8)
  A hungry ghost (D:7)
  A water moccasin (D:6)
  An orc warrior (D:8)
  2 ice beasts
  3 slaves (D:6)
  A necrophage (D:8)
  A phantom (D:6)
  A centaur (D:8)
  3 wolves (D:8)
  2 bullfrogs
  2 scorpions
  An electric eel (D:8)
  9 wights
  2 howler monkeys
  A crimson imp (D:8)
  A bullfrog zombie (D:5)
  A jelly (D:5)
  4 orc priests
  A centaur skeleton (D:4)
  5 hounds
  9 orc wizards
  An iguana (D:7)
  5 worker ants
  5 big kobold zombies (Ossuary)
  5 mummies (Ossuary)
  5 gnolls
  7 adders
  A shadow imp (D:6)
  2 oozes
  An adder skeleton (D:4)
  2 worms
  4 dart slugs
  4 leopard geckos
  28 orcs
  3 ball pythons
  7 giant cockroaches
  6 goblins
  15 hobgoblins
  6 jackals
  2 quokkas
  5 bats
  5 frilled lizards
  2 hobgoblin zombies (Ossuary)
  A jackal skeleton (D:5)
  10 kobolds
  A leopard gecko skeleton (D:4)
  A quokka skeleton (D:7)
  9 rats
199 creatures vanquished.

Vanquished Creatures (collateral kills)
  A jackal (D:4)
1 creature vanquished.

Vanquished Creatures (others)
  A mummy (Ossuary)
1 creature vanquished.

Grand Total: 201 creatures vanquished

Notes
Turn   | Place    | Note
-------+----------+-------------------------------------------
     0 | D:1      | Amnesiac the Gnoll Wizard began the quest for the Orb.
     0 | D:1      | Reached XP level 1. HP: 13/13 MP: 8/8
    94 | D:1      | Reached XP level 2. HP: 19/19 MP: 3/10
   100 | D:1      | Learned a level 2 spell: Blink
   103 | D:1      | Learned a level 2 spell: Call Imp
   227 | D:3      | Noticed a howler monkey
   239 | D:3      | Killed a howler monkey
   239 | D:3      | Reached skill level 1 in Invocations
   239 | D:3      | Reached XP level 3. HP: 25/25 MP: 1/11
   244 | D:3      | Learned a level 3 spell: Conjure Flame
   433 | D:4      | Reached skill level 1 in Fighting
   433 | D:4      | Reached skill level 1 in Short Blades
   433 | D:4      | Reached skill level 1 in Long Blades
   433 | D:4      | Reached skill level 1 in Axes
   433 | D:4      | Reached skill level 1 in Maces & Flails
   433 | D:4      | Reached skill level 1 in Polearms
   433 | D:4      | Reached skill level 1 in Staves
   433 | D:4      | Reached skill level 1 in Slings
   433 | D:4      | Reached skill level 1 in Bows
   433 | D:4      | Reached skill level 1 in Crossbows
   433 | D:4      | Reached skill level 1 in Throwing
   433 | D:4      | Reached skill level 1 in Armour
   433 | D:4      | Reached skill level 1 in Shields
   433 | D:4      | Reached skill level 1 in Unarmed Combat
   433 | D:4      | Reached skill level 1 in Evocations
   433 | D:4      | Reached XP level 4. HP: 22/32 MP: 10/13
   612 | D:4      | Found a staircase to the Ecumenical Temple.
   640 | Temple   | Entered the Ecumenical Temple
   895 | Temple   | Became a worshipper of Ashenzari the Shackled
   967 | D:4      | Reached skill level 1 in Hexes
   967 | D:4      | Reached skill level 1 in Charms
   967 | D:4      | Reached skill level 1 in Necromancy
   967 | D:4      | Reached skill level 1 in Transmutations
   967 | D:4      | Reached skill level 1 in Fire Magic
   967 | D:4      | Reached skill level 1 in Ice Magic
   967 | D:4      | Reached skill level 1 in Air Magic
   967 | D:4      | Reached skill level 1 in Earth Magic
   967 | D:4      | Reached skill level 1 in Poison Magic
   984 | D:4      | Reached XP level 5. HP: 37/37 MP: 2/14
  1432 | D:2      | Found an iron altar of Okawaru.
  2755 | D:3      | Reached XP level 6. HP: 39/44 MP: 16/16
  2765 | D:3      | Reached * piety under Ashenzari
  2844 | D:3      | Found a faded altar of an unknown god.
  2885 | D:3      | Found an iron altar of Okawaru.
  3253 | D:4      | Got the cursed buckler of Dym Enao {rF+}
  3279 | D:4      | Identified the cursed +0 buckler of Dym Enao {rF+} (You found it on level 4 of the Dungeon)
  3328 | D:4      | Reached skill level 5 in Dodging
  3337 | D:4      | HP: 2/44 [orc/hand axe (5)]
  3342 | D:4      | Gained mutation: You evolve. [potion of mutation]
  3342 | D:4      | Gained mutation: Your system is resistant to poisons. (rPois) [potion of mutation]
  3368 | D:3      | Learned a level 3 spell: Mephitic Cloud
  3713 | D:5      | Entered Level 5 of the Dungeon
  3719 | D:5      | Noticed an ice beast
  3728 | D:5      | Killed an ice beast
  3728 | D:5      | Reached XP level 7. HP: 35/50 MP: 18/18
  3882 | D:5      | Found a sand-covered staircase.
  3890 | Ossuary  | Entered an ossuary
  4255 | Ossuary  | Reached skill level 5 in Stealth
  5030 | D:5      | Reached XP level 8. HP: 50/57 MP: 19/19
  6084 | D:6      | Noticed Pikel
  6118 | D:6      | Killed Pikel
  6118 | D:6      | Reached skill level 8 in Spellcasting
  6147 | D:6      | Got the cursed flail of the Extremes {vamp, MR+}
  6324 | D:6      | Reached XP level 9. HP: 22/65 MP: 21/21
  7505 | D:7      | Reached ** piety under Ashenzari
  7807 | D:8      | Reached skill level 5 in Invocations
  7821 | D:8      | Noticed Amnesiac's ghost (novice GnWz)
  8119 | D:8      | Noticed a two-headed ogre
  8138 | D:8      | Killed a two-headed ogre
  8138 | D:8      | Reached XP level 10. HP: 73/73 MP: 17/22
  8211 | D:8      | Found a staircase to the Lair.
  8316 | D:8      | Reached skill level 5 in Fighting
  8316 | D:8      | Reached skill level 5 in Short Blades
  8316 | D:8      | Reached skill level 5 in Long Blades
  8316 | D:8      | Reached skill level 5 in Axes
  8316 | D:8      | Reached skill level 5 in Maces & Flails
  8316 | D:8      | Reached skill level 5 in Polearms
  8316 | D:8      | Reached skill level 5 in Staves
  8316 | D:8      | Reached skill level 5 in Slings
  8316 | D:8      | Reached skill level 5 in Bows
  8316 | D:8      | Reached skill level 5 in Crossbows
  8316 | D:8      | Reached skill level 5 in Throwing
  8316 | D:8      | Reached skill level 5 in Armour
  8316 | D:8      | Reached skill level 5 in Shields
  8316 | D:8      | Reached skill level 5 in Unarmed Combat
  8316 | D:8      | Reached skill level 5 in Evocations
  8385 | D:8      | Gained mutation: Your magical capacity is low. (-10% MP) [evolution]
  8607 | D:8      | Killed Amnesiac's ghost
  8607 | D:8      | Reached skill level 9 in Spellcasting
  8835 | D:8      | Killed from afar by an electric eel

Vault maps used:
D:1:      onia_arrival_pyramid, st_stairs_10
D:2:      lemuel_doored_altar
D:3:      first_bread, chequers_ecumenical_altar_simple,
          okawaru_altar_gauntlet_db
D:4:      minmay_temple_entry_glassed_door
D:5:      chequers_ossuary_entry_cave
D:6:      wad_crossroads, uniq_pikel
D:8:      erik_lair_island
Temple:   nicolae_temple_the_god_donut
Ossuary:  ossuary_the_hunt_dpeg

Skill      XL: |  1  2  3  4  5  6  7  8  9 10 |
---------------+-------------------------------+-----
Conjurations   | 2 3 4 |  4.8
Summonings     | 2 3 4 |  4.8
Translocations | 2 3 4 |  4.8
Invocations    | 1 2 3 4 5 |  5.7
Fighting       | 1 2 3 4 5 |  5.2
Short Blades   | 1 2 3 4 5 |  5.2
Long Blades    | 1 2 3 4 5 |  5.2
Axes           | 1 2 3 4 5 |  5.2
Maces & Flails | 1 2 3 4 5 |  5.2
Polearms       | 1 2 3 4 5 |  5.2
Staves         | 1 2 3 4 5 |  5.2
Slings         | 1 2 3 4 5 |  5.2
Bows           | 1 2 3 4 5 |  5.2
Crossbows      | 1 2 3 4 5 |  5.2
Throwing       | 1 2 3 4 5 |  5.2
Armour         | 1 2 3 4 5 |  5.2
Shields        | 1 2 3 4 5 |  5.2
Unarmed Combat | 1 2 3 4 5 |  5.2
Evocations     | 1 2 3 4 5 |  5.2
Hexes          | 1 2 3 4 |  4.3
Charms         | 1 2 3 4 |  4.3
Necromancy     | 1 2 3 4 |  4.3
Transmutations | 1 2 3 4 |  4.3
Fire Magic     | 1 2 3 4 |  4.3
Ice Magic      | 1 2 3 4 |  4.3
Air Magic      | 1 2 3 4 |  4.3
Earth Magic    | 1 2 3 4 |  4.3
Poison Magic   | 1 2 3 4 |  4.3
Dodging        | 5 6 7 |  7.0
Stealth        | 5 6 |  6.7
Spellcasting   | 8 9 |  9.0

Action                   |  1- 3 |  4- 6 |  7- 9 | 10-12 || total
-------------------------+-------+-------+-------+-------++-------
Melee: Unarmed           |    16 |     2 |       |       ||    18
       Bite              |     2 |     1 |       |       ||     3
       Dagger            |       |     1 |       |       ||     1
 Fire: Hunting sling     |       |   159 |   547 |    46 ||   752
 Cast: Magic Dart        |    24 |    63 |    31 |    11 ||   129
       Call Imp          |     5 |     3 |       |       ||     8
       Conjure Flame     |       |     5 |    15 |     3 ||    23
       Mephitic Cloud    |       |       |     7 |     9 ||    16
       Blink             |       |       |     2 |       ||     2
  Use: Potion            |       |     6 |       |       ||     6
       Scroll            |       |       |    19 |       ||    19
 Stab: Distracted        |     1 |       |       |       ||     1
       Sleeping          |     1 |       |       |       ||     1
  Eat: Chunk             |       |     8 |    17 |     1 ||    26
       Royal jelly       |       |       |     3 |       ||     3
       Fruit             |       |       |     3 |       ||     3
Armor: Robe              |     6 |    13 |    34 |     3 ||    56
Dodge: Dodged            |    35 |    89 |   156 |    18 ||   298
Block: Buckler           |       |     3 |    45 |     7 ||    55

Table legend:
 A = Spawn XP
 B = Non-spawn XP
 C = Spawn XP percentage of total XP
 D = Spawn monster count
 E = Non-spawn monster count
 F = Spawn count percentage of total count
 G = Total turns spent on level
                    A         B        C        D         E        F      G
               +---------+---------+-------+---------+---------+-------+---------
         Total |       0 |    6821 |   0.0 |       0 |     198 |   0.0 |  8835
               +---------+---------+-------+---------+---------+-------+---------
           D:1 |       0 |      60 |   0.0 |       0 |      30 |   0.0 |   778
           D:2 |       0 |      66 |   0.0 |       0 |      24 |   0.0 |   823
           D:3 |       0 |     108 |   0.0 |       0 |      21 |   0.0 |   549
           D:4 |       0 |     319 |   0.0 |       0 |      21 |   0.0 |  1367
           D:5 |       0 |     412 |   0.0 |       0 |      16 |   0.0 |  1130
           D:6 |       0 |    1420 |   0.0 |       0 |      27 |   0.0 |  1318
           D:7 |       0 |    1149 |   0.0 |       0 |      28 |   0.0 |  1085
           D:8 |       0 |    3046 |   0.0 |       0 |      18 |   0.0 |  1059
       Ossuary |       0 |     241 |   0.0 |       0 |      13 |   0.0 |   447
               +---------+---------+-------+---------+---------+-------+---------
